 Dungeon Crawl Stone Soup version 0.28.0-53-g5a82cb258f (webtiles) character file.

Game seed: 14615651391160860732

180 DocClef the Firebug (level 5, 0/55 HPs)
             Began as a Gnoll Fire Elementalist on July 20, 2022.
             Succumbed to a scorpion's poison
             ... on level 5 of the Dungeon.
             The game lasted 00:02:47 (2914 turns).

DocClef the Firebug (Gnoll Fire Elementalist)       Turns: 2914, Time: 00:02:47

Health: 0/55       AC: 22    Str:  7    XL:     5   Next: 60%
Magic:  8/12       EV:  2    Int: 16    God:
Gold:   81         SH:  0    Dex: 13    Spells: 13/14 levels left

rFire   . . .      SeeInvis .   k - +0 dagger (freeze)
rCold   . . .      Faith    .   (no shield)
rNeg    . . .      Spirit   .   (armour currently unavailable)
rPois   +          Reflect  .   (helmet currently unavailable)
rElec   .          Harm     .   (cloak currently unavailable)
rCorr   .          Rampage  .   (gloves currently unavailable)
Will    .....      NoTele   +   (boots currently unavailable)
Stlth   +++.......              (no amulet)
HPRegen 0.18/turn               (no ring)
MPRegen 0.13/turn               (no ring)

@: lethally poisoned (0 -> -1), tree-form, attractive
A: stationary, stasis, torment immunity, boosted hp, (fangs 1), strong nose,
distributed training
a: no special abilities


You were on level 5 of the Dungeon.
You were a tree.
You visited 1 branch of the dungeon, and saw 4 of its levels.

You collected 81 gold pieces.

Inventory:

Hand Weapons
 k - a +0 dagger of freezing (weapon)
Armour
 a - a +0 robe (melded)
Wands
 l - a wand of paralysis (7)
 o - a wand of digging (4)
Scrolls
 c - 2 scrolls of magic mapping {unknown}
 d - 2 scrolls of teleportation {unknown}
 e - 5 scrolls of identify {unknown}
 f - a scroll of amnesia {unknown}
 g - a scroll of fog {unknown}
 h - a scroll of torment {unknown}
 i - a scroll of brand weapon {unknown}
 j - a scroll of blinking {unknown}
 m - a scroll of summoning {unknown}
 n - a scroll of noise {unknown}
Potions
 b - a potion of lignification


   Skills:
 + Level 1.5 Fighting
 + Level 1.5 Short Blades
 + Level 1.5 Long Blades
 + Level 1.5 Axes
 + Level 1.5 Maces & Flails
 + Level 1.5 Polearms
 + Level 1.5 Staves
 + Level 1.5 Slings
 + Level 1.5 Bows
 + Level 1.5 Crossbows
 + Level 1.5 Throwing
 + Level 1.5 Armour
 + Level 4.8 Dodging
 + Level 4.4 Stealth
 + Level 1.5 Shields
 + Level 1.5 Unarmed Combat
 + Level 5.2 Spellcasting
 + Level 2.4 Conjurations
 + Level 1.2 Hexes
 + Level 1.2 Summonings
 + Level 1.2 Necromancy
 + Level 1.2 Translocations
 + Level 1.2 Transmutations
 + Level 5.5 Fire Magic
 + Level 1.2 Ice Magic
 + Level 1.2 Air Magic
 + Level 1.2 Earth Magic
 + Level 1.2 Poison Magic
 + Level 1.7 Invocations
 + Level 1.5 Evocations


You had 13 spell levels left.
You knew the following spells:

 Your Spells              Type           Power      Damage    Failure   Level
a - Foxfire               Conj/Fire      68%        2x1d7     3%          1

Your spell library contained the following spells:

 Spells                   Type           Power      Damage    Failure   Level
 Scorch                   Fire           44%        2d7       2%          2
 Magic Dart               Conj           48%        1d5       5%          1
 Searing Ray              Conj           24%        2d5       9%          2
 Conjure Flame            Conj/Fire      17%        6-21      9%          3
 Inner Flame              Hex/Fire       15%        N/A       11%         3
 Flame Wave               Conj/Fire      17%        2d6       28%         4
 Fulminant Prism          Conj/Hex       5%         3d7       56%         4


Dungeon Overview and Level Annotations

Branches:
Dungeon (3/15)

Altars:
Elyvilon


Innate Abilities, Weirdness & Mutations

You are a tree.
Your roots penetrate the ground, keeping you stationary.
You cannot be teleported.
You are immune to unholy pain and torment.
Your maximum health is greatly increased.
Your equipment is partially melded.
((You have very sharp teeth.))
Your uncanny sense of smell can sniff out nearby items.
Your experience applies equally to all skills.


Message History

You are too injured to fight recklessly!
You barely miss the scorpion.
The scorpion is lightly wounded.
You feel very sick.
The foxfire hits the scorpion.
The scorpion is moderately wounded.
The foxfire hits the scorpion.
The scorpion is heavily wounded.
The scorpion stings you.
* * * LOW HITPOINT WARNING * * *
The foxfire hits the scorpion but does no damage.
The scorpion is heavily wounded.
You are too injured to fight recklessly!
Casting: Foxfire (safe; 3% risk of failure)
Confirm with . or Enter, or press ? or * to list all spells.
You conjure some foxfire!
* * * LOW HITPOINT WARNING * * *
You feel sick. The scorpion stings you.
* * * LOW HITPOINT WARNING * * *
Unknown command.
It was a potion of lignification.
You turn into a tree.
Your +0 robe melds into your body.
Your roots penetrate the ground.
* * * LOW HITPOINT WARNING * * *
You feel sick.
The foxfire hits the scorpion.
The scorpion is almost dead.
The foxfire hits the scorpion.
You kill the scorpion!
It was a potion of attraction.
You feel attractive to monsters.
* * * LOW HITPOINT WARNING * * *
You feel sick.
* * * LOW HITPOINT WARNING * * *
You feel sick.
* * * LOW HITPOINT WARNING * * *
You feel sick.
* * * LOW HITPOINT WARNING * * *
You feel sick.
* * * LOW HITPOINT WARNING * * *
You feel sick.
You die...

# # ...#.#.#. #.#
......... #.#
#......# #.#
#>.....# #.#####
####......#
.......
......>..##
#.#####
#...$.)..< #.#
#.♣...# (.#
#.##### ..#
###### #.#
#.######....# #.#
............###.#
#####..#.#......#
##......###.#
#.#.#..# #.#
#.....## #.#


There were no monsters in sight!

Vanquished Creatures
  A scorpion (D:5)
  A centaur skeleton (D:5)
  Ijyb (D:2)
  2 howler monkey skeletons (D:5)
  An ufetubus (D:5)
  A worm (D:2)
  A dart slug (D:1)
  2 ball pythons (D:2)
  2 bats (D:1)
  4 endoplasms
  2 giant cockroaches
  3 goblins
  3 hobgoblins (D:1)
  4 jackals (D:2)
  4 quokkas
  A frilled lizard (D:2)
  A kobold (D:2)
  A rat (D:1)
35 creatures vanquished.

Vanquished Creatures (others)
  191 foxfires
191 creatures vanquished.

Grand Total: 226 creatures vanquished

Notes
Turn   | Place    | Note
-------+----------+-------------------------------------------
     0 | D:1      | DocClef the Gnoll Fire Elementalist began the quest for the
                  | Orb.
     0 | D:1      | Reached XP level 1. HP: 13/13 MP: 6/6
   140 | D:1      | Reached XP level 2. HP: 19/19 MP: 0/7
  1459 | D:2      | Reached XP level 3. HP: 24/25 MP: 5/9
  1637 | D:2      | Reached skill level 5 in Spellcasting
  2089 | D:2      | Reached skill level 1 in Invocations
  2272 | D:3      | Noticed Ijyb
  2282 | D:2      | Paralysed by Ijyb for 4 turns
  2290 | D:2      | Killed Ijyb
  2291 | D:2      | Reached skill level 1 in Fighting
  2291 | D:2      | Reached skill level 1 in Short Blades
  2291 | D:2      | Reached skill level 1 in Long Blades
  2291 | D:2      | Reached skill level 1 in Axes
  2291 | D:2      | Reached skill level 1 in Maces & Flails
  2291 | D:2      | Reached skill level 1 in Polearms
  2291 | D:2      | Reached skill level 1 in Staves
  2291 | D:2      | Reached skill level 1 in Slings
  2291 | D:2      | Reached skill level 1 in Bows
  2291 | D:2      | Reached skill level 1 in Crossbows
  2291 | D:2      | Reached skill level 1 in Throwing
  2291 | D:2      | Reached skill level 1 in Armour
  2291 | D:2      | Reached skill level 1 in Shields
  2291 | D:2      | Reached skill level 1 in Unarmed Combat
  2291 | D:2      | Reached skill level 1 in Evocations
  2291 | D:2      | Reached XP level 4. HP: 7/32 MP: 1/11
  2613 | D:3      | You fall into a shaft and drop 2 floors!
  2613 | D:5      | Entered Level 5 of the Dungeon
  2622 | D:5      | Found a white marble altar of Elyvilon.
  2794 | D:5      | Reached skill level 1 in Hexes
  2794 | D:5      | Reached skill level 1 in Summonings
  2794 | D:5      | Reached skill level 1 in Necromancy
  2794 | D:5      | Reached skill level 1 in Translocations
  2794 | D:5      | Reached skill level 1 in Transmutations
  2794 | D:5      | Reached skill level 1 in Ice Magic
  2794 | D:5      | Reached skill level 1 in Air Magic
  2794 | D:5      | Reached skill level 1 in Earth Magic
  2794 | D:5      | Reached skill level 1 in Poison Magic
  2831 | D:5      | Reached XP level 5. HP: 32/37 MP: 6/12
  2912 | D:5      | HP: 2/55 [poisoned by a scorpion]
  2914 | D:5      | Succumbed to a scorpion's poison

Illustrated notes

Levels and vault maps discovered:
D:1:      heliophobic_arrival_glass_houses, layout_loops_corners
D:2:      layout_basic, serial_bayou_crossing, uniq_natasha
D:3:      minmay_angry_zag, layout_basic, uniq_ijyb
D:5:      layout_loops_ring, mainiacjoe_overflow_brackets, lemuel_doored_altar,
          elyvilon_altar_4, serial_glass, glass_columns_a, glass_columns_b,
          item_on_display_a

Skill      XL: |  1  2  3  4 |
---------------+-------------+-----
Conjurations   | 2 |  2.4
Spellcasting   | 5 |  5.2
Invocations    | 1 |  1.7
Fighting       | 1 |  1.5
Short Blades   | 1 |  1.5
Long Blades    | 1 |  1.5
Axes           | 1 |  1.5
Maces & Flails | 1 |  1.5
Polearms       | 1 |  1.5
Staves         | 1 |  1.5
Slings         | 1 |  1.5
Bows           | 1 |  1.5
Crossbows      | 1 |  1.5
Throwing       | 1 |  1.5
Armour         | 1 |  1.5
Shields        | 1 |  1.5
Unarmed Combat | 1 |  1.5
Evocations     | 1 |  1.5
Hexes          | 1 |  1.2
Summonings     | 1 |  1.2
Necromancy     | 1 |  1.2
Translocations | 1 |  1.2
Transmutations | 1 |  1.2
Ice Magic      | 1 |  1.2
Air Magic      | 1 |  1.2
Earth Magic    | 1 |  1.2
Poison Magic   | 1 |  1.2
Dodging        | |  4.8
Stealth        | |  4.4
Fire Magic     | |  5.5

Action                   |  1- 3 |  4- 6 || total
-------------------------+-------+-------++-------
Melee: Unarmed           |     2 |       ||     2
       Dagger            |    13 |    15 ||    28
       Bite              |     1 |     3 ||     4
       Punch             |       |     1 ||     1
 Cast: Foxfire           |    88 |    28 ||   116
  Use: Potion            |       |     2 ||     2
 Stab: Sleeping          |     1 |       ||     1
Armor: Robe              |     5 |     5 ||    10
Dodge: Dodged            |    28 |    14 ||    42
